 Dungeon Crawl Stone Soup version 0.28-a0-1513-ge4f4046303 (webtiles) character file.

Game seed: 4956577568395935173

125 Lekart the Skirmisher (level 4, 0/40 HPs)
             Began as a Draconian Abyssal Knight on Jan 16, 2022.
             Was a Believer of Lugonu.
             Slain by an orc priest (4 damage)
             ... on level 4 of the Dungeon.
             The game lasted 00:04:21 (3116 turns).

Lekart the Skirmisher (Draconian Abyssal Knight)    Turns: 3116, Time: 00:04:22

Health: 0/40       AC:  6    Str: 15    XL:     4   Next: 82%
Magic:  6/6        EV: 12    Int: 10    God:    Lugonu [**....]
Gold:   126        SH:  0    Dex: 14    Spells: 3/3 levels left

rFire   . . .      SeeInvis .   a - +1 falchion
rCold   . . .      Faith    .   (no shield)
rNeg    . . .      Spirit   .   (armour unavailable)
rPois   .          Reflect  .   (helmet restricted)
rElec   .          Harm     .   i - +0 cloak
rCorr   .          Rampage  .   (no gloves)
Will    +....                   (no boots)
Stlth   +.........              (no amulet)
HPRegen 0.13/turn               d - ring of willpower
MPRegen 0.10/turn               (no ring)

@: no status effects
A: AC +5, unfitting armour, cold-blooded
a: Renounce Religion, Depart the Abyss, Bend Space


You were on level 4 of the Dungeon.
You worshipped Lugonu.
Lugonu was pleased with you.
You visited 1 branch of the dungeon, and saw 4 of its levels.
You visited the Abyss 1 time.

You collected 126 gold pieces.

Inventory:

Hand Weapons
 a - a +1 falchion (weapon)
Missiles
 f - 2 poisoned darts (quivered)
Armour
 i - a +0 cloak (worn)
Jewellery
 d - a ring of willpower (left hand)
Scrolls
 c - 3 scrolls of teleportation {unknown}
 h - 3 scrolls of identify {unknown}
 k - a scroll of blinking {unknown}
 l - 2 scrolls of enchant armour {unknown}
Potions
 b - a potion of lignification {unknown}
 g - 3 potions of haste {unknown}
 j - 2 potions of degeneration {unknown}
 m - a potion of cancellation {unknown}


   Skills:
 + Level 4.2 Fighting
 + Level 3.2 Long Blades
 + Level 1.2 Throwing
 + Level 2.3 Dodging
 + Level 0.3 Stealth
 * Level 2.9 Invocations


You had 3 spell levels left.
You didn't know any spells.
Your spell library contained the following spells:

 Spells                   Type           Power      Damage    Failure   Level
 Gell's Gravitas          Tloc           0%         N/A       75%         3
 Lesser Beckoning         Tloc           0%         N/A       75%         3
 Teleport Other           Tloc           0%         N/A       75%         3


Dungeon Overview and Level Annotations

Branches:
Dungeon (4/15)
 Temple: D:4-7

Altars:
Fedhas
Makhleb
Ru
Trog
Uskayaw

Shops:
D:1 =


Innate Abilities, Weirdness & Mutations

Your plain brown scales are hard. (AC +5)
You cannot fit into any form of body armour.
You are cold-blooded and may be slowed by cold attacks.


Message History

The orc hits you with a +0 falchion. The goblin hits you with a +0 dagger.
You hit the orc priest.
The orc priest is heavily wounded.
The orc priest hits you with a +0 mace. The orc completely misses you.
The goblin misses you. The orc priest hits you with a +0 mace!
You hit the orc priest but do no damage.
Your tail-slap misses the orc priest.
The orc priest is heavily wounded.
The orc hits you with a +0 falchion. The goblin misses you.
The orc priest barely misses you.
You hit the orc priest but do no damage.
The orc priest is heavily wounded.
The orc barely misses you. The goblin misses you.
The orc priest calls down the wrath of Beogh upon you.
You resist with some effort.
You hit the orc priest but do no damage.
You tail-slap the orc priest.
The orc priest is severely wounded.
The orc completely misses you. The goblin hits you with a +0 dagger.
The orc priest hits you with a +0 mace. The orc misses you.
You hit the orc priest but do no damage.
The orc priest is severely wounded.
The goblin hits you but does no damage. The orc priest hits you with a +0 mace.
The orc completely misses you. The goblin misses you.
You hit the orc priest but do no damage.
The orc priest is severely wounded.
The orc priest hits you but does no damage.
The orc misses you. The goblin closely misses you.
You barely miss the orc priest.
The orc priest is severely wounded.
The orc priest hits you with a +0 mace.
* * * LOW HITPOINT WARNING * * *
The orc hits you with a +0 falchion.
* * * LOW HITPOINT WARNING * * *
The goblin misses you.
You hit the orc priest but do no damage.
You tail-slap the orc priest, but do no damage.
The orc priest is severely wounded.
The orc priest hits you with a +0 mace.
You die...

......#### #
.....(((##
#####
......(..##
..........#
..........#
...........#
...........#
.......oo..#
.......g@.#
........$.#
.........##
# .........#
##
.........#
##.
........##
##..
........#
#...
........##
##...
######...##
##....


You could see an orc priest, an orc and a goblin.

Vanquished Creatures
  A hound (D:4)
  2 adders
  An adder skeleton (D:4)
  A worm (D:2)
  A dart slug (D:3)
  4 orcs
  A ball python (D:1)
  8 endoplasms
  5 giant cockroaches
  10 hobgoblins
  2 quokkas (D:2)
  4 bats
  2 frilled lizards
  2 goblins
  12 kobolds
  10 rats
66 creatures vanquished.

Notes
Turn   | Place    | Note
-------+----------+-------------------------------------------
     0 | Abyss:1  | Lekart the Draconian Abyssal Knight began the quest for the
                  | Orb.
     0 | Abyss:1  | Reached XP level 1. HP: 19/19 MP: 2/2
    62 | Abyss:1  | Noticed a chaos spawn
    67 | Abyss:1  | Noticed a wretched star
    72 | D:1      | Escaped the Abyss
   282 | D:1      | Found Kotoul's Jewellery Emporium.
   285 | D:1      | Reached XP level 2. HP: 26/26 MP: 3/3
   292 | D:1      | Reached * piety under Lugonu
   634 | D:1      | Reached XP level 3. HP: 30/33 MP: 4/4
  1004 | D:2      | Reached skill level 4 in Fighting
  1081 | D:2      | Found a bloodstained altar of Trog.
  1139 | D:2      | Found a faded altar of an unknown god.
  1220 | D:2      | Reached ** piety under Lugonu
  2174 | D:3      | Found a hide-covered altar of Uskayaw.
  2174 | D:3      | Found a sacrificial altar of Ru.
  2181 | D:3      | Found a blossoming altar of Fedhas.
  2183 | D:3      | Found a burning altar of Makhleb.
  2185 | D:3      | Found a bloodstained altar of Trog.
  2624 | D:3      | Reached XP level 4. HP: 36/40 MP: 4/6
  2857 | D:4      | Reached skill level 1 in Throwing
  3116 | D:4      | Slain by an orc priest

Illustrated notes

Levels and vault maps discovered:
D:1:      wander_arrival_chamber, layout_rooms, serial_shops,
          nicolae_shop_trees, chequers_serial_rivers_small_b
D:2:      layout_basic, basic_altar, hellmonk_ecumenical_altar_slurped_away,
          grunt_ministairs_11, serial_park_tiny_2
D:3:      layout_basic, chequers_temple_overflow_minitemple
D:4:      layout_cave_pods, palyth_stone_intersect

Skill      XL: |  1  2  3  4 |
---------------+-------------+-----
Fighting       | 4 |  4.2
Long Blades    | 3 |  3.2
Throwing       | 1 |  1.2
Dodging        | |  2.3
Stealth        | |  0.3
Invocations    | |  2.9

Action                   |  1- 3 |  4- 6 || total
-------------------------+-------+-------++-------
Melee: Falchion          |   121 |    49 ||   170
       Punch             |     1 |       ||     1
       Tailslap          |    11 |     6 ||    17
Throw: Dart              |    50 |    13 ||    63
Invok: Depart the Abyss  |     1 |       ||     1
 Stab: Confused          |       |     1 ||     1
Armor: Skin              |    55 |    12 ||    67
Dodge: Dodged            |    73 |    39 ||   112

Table legend: (Time is in decaauts)
 A = Elapsed time spent in this place.
 B = Non-inter-level travel time spent in this place.
 C = Inter-level travel time spent in this place.
 D = Time resting spent in this place.
 E = Time spent auto-exploring this place.
 F = Levels seen in this place.
 G = Mean time per level.
                   A        B        C        D        E       F      G
               +--------+--------+--------+--------+--------+-----+--------+
         Total |   3150 |   2908 |    242 |      0 |   2414 |   5 |  630.0 |
       Dungeon |   3078 |   2836 |    242 |      0 |   2352 |   4 |  769.5 |
         Abyss |     72 |     72 |      0 |      0 |     62 |   1 |   72.0 |
               +--------+--------+--------+--------+--------+-----+--------+

Top non-repeatable levels by time:
     D:2: 1145 daAuts
     D:1: 919 daAuts
     D:3: 737 daAuts
     D:4: 275 daAuts
 Abyss:1: 72 daAuts
